 Dungeon Crawl Stone Soup version 0.22-a0-757-gdba82d8 (webtiles) character file.

5989 Amnesiac the Thaumaturge (level 10, -13/63 HPs)
             Began as a Demonspawn Earth Elementalist on July 16, 2018.
             Was an Initiate of Gozag.
             Shot with a bolt by a yaktaur captain (30 damage)
             ... on level 8 of the Dungeon.
             The game lasted 00:23:53 (10657 turns).

Amnesiac the Thaumaturge (DsEE)                    Turns: 10657, Time: 00:23:54

Health: -13/63     AC:  9    Str:  8    XL:     10   Next: 55%
Magic:  17/24      EV: 13    Int: 21    God:    Gozag
Gold:   1104       SH:  0    Dex: 13    Spells: 15/30 levels left

rFire    . . .     SeeInvis .   a - +1 short sword (speed)
rCold    + + .     Gourm    .   (no shield)
rNeg     + . .     Faith    .   w - +2 robe {rC+}
rPois    +         Spirit   .   (helmet restricted)
rElec    .         Reflect  .   c - +2 cloak {rPois}
rCorr    .         Harm     .   g - +1 pair of gloves
MR       +....                  (no boots)
Stlth    +++.......             (no amulet)
HPRegen  0.20/turn              y - ring of positive energy
MPRegen  0.19/turn              s - ring of protection from magic

@: no status effects
A: antennae 2, cold resistance 1, powered by death 1
a: Potion Petition, Call Merchant, Bribe Branch, Renounce Religion


You were on level 8 of the Dungeon.
You worshipped Gozag.
Gozag was most pleased with you.
You were not hungry.

You visited 2 branches of the dungeon, and saw 9 of its levels.

You collected 1208 gold pieces.
You paid 104 gold pieces to Gozag.

Inventory:

Hand Weapons
 a - a +1 short sword of speed (weapon)
 b - a +0 dagger
Missiles
 j - 106 stones (quivered)
Armour
 c - a +2 cloak of poison resistance (worn)
 g - a +1 pair of gloves (worn)
 w - a +2 robe of cold resistance (worn)
 x - the +1 cloak of Democracy {rElec rF- Str+2 SInv}
   (You found it on level 5 of the Dungeon)

   It affects your strength (+2).
   It makes you vulnerable to fire.
   It insulates you from electricity.
   It lets you see invisible.
 F - a +0 robe of fire resistance
Jewellery
 k - an uncursed ring of poison resistance
 l - an uncursed ring of resist corrosion
 s - a ring of protection from magic (right hand)
 y - a ring of positive energy (left hand)
Wands
 r - a wand of digging (12)
 t - a wand of iceblast (16)
 C - a wand of random effects (22)
Scrolls
 f - a scroll of teleportation {!r}
 h - a scroll of amnesia {!r}
 i - 3 scrolls of remove curse {!r}
 m - 2 scrolls of magic mapping {!r}
 n - 2 scrolls of fog {!r}
 o - a scroll of enchant armour {!r}
 D - 2 scrolls of identify {!r}
Potions
 e - 3 potions of brilliance {!q}
 p - 2 potions of berserk rage {!q}
 q - 2 potions of might {!q}
 u - a potion of curing {!q}
 v - 7 potions of flight {!q}
 z - 2 potions of cancellation {!q}
 B - 2 potions of heal wounds {!q}
 E - a potion of agility {!q}
Comestibles
 d - 14 rations


   Skills:
 - Level 4.0 Short Blades
 - Level 2.4 Dodging
 - Level 4.1 Stealth
 * Level 10.5 Spellcasting
 - Level 4.1 Transmutations
 - Level 8.0 Earth Magic


You had 15 spell levels left.
You knew the following spells:

 Your Spells              Type           Power        Failure   Level  Hunger
a - Stone Arrow           Conj/Erth      ####..       3%          3    None
b - Passwall              Tmut/Erth      #####...     1%          2    None
c - Sandblast             Erth           #####.       1%          1    None
d - Lee's Rapid Deconstr  Erth           #####.....   6%          5    ####...
e - Petrify               Tmut/Erth      #####...     4%          4    ##.....

Your spell library contained the following spells:

 Spells                   Type           Power        Failure   Level  Hunger
 Magic Dart               Conj           ##..         6%          1    None
 Conjure Flame            Conj/Fire      ##......     19%         3    None
 Slow                     Hex            ##......     10%         2    None
 Mephitic Cloud           Conj/Pois/Air  ##......     19%         3    None
 Blink                    Tloc           N/A          10%         2    None
 Call Imp                 Summ           ##......     10%         2    None


Dungeon Overview and Level Annotations

Branches:
Dungeon (8/15)             Temple (1/1) D:6
   Lair: D:8-11

Altars:
Ashenzari
Cheibriados
Dithmenos
Fedhas
Gozag
Hepliaklqana
Makhleb
Nemelex Xobeh
Okawaru
Ru
Sif Muna
Trog
Uskayaw
Vehumet
Yredelemnul

Shops:
D:7 %   D:8 [


Innate Abilities, Weirdness & Mutations

You have a pair of antennae on your head.
Your flesh is cold resistant. (rC+)
You regenerate a little health from kills.


Message History

A yaktaur captain comes into view.
There is a large open door here.
The yaktaur captain shouts!
You hear a shout!
The yaktaur captain wields an arbalest.
The yaktaur captain shoots a bolt.
The bolt hits you!
You see here a bolt.
Casting: Lee's Rapid Deconstruction (safe; 6% risk of failure)
Confirm with . or Enter, or press ? or * to list all spells.
Aiming: Petrify (safe; 4% risk of failure)
Press: ? - help, Shift-Dir - straight line, f - yaktaur captain
Aim: a yaktaur captain, wielding an arbalest (chance to defeat MR: 29%)
The yaktaur captain easily resists.
The yaktaur captain shoots a bolt.
The bolt hits you!
Unknown command.
Casting: Petrify (safe; 4% risk of failure)
Confirm with . or Enter, or press ? or * to list all spells.
Aiming: Petrify (safe; 4% risk of failure)
Press: ? - help, Shift-Dir - straight line, f/p - yaktaur captain
Aim: a yaktaur captain, wielding an arbalest (chance to defeat MR: 29%)
The yaktaur captain easily resists.
Unknown command.
Casting: Petrify (safe; 4% risk of failure)
Confirm with . or Enter, or press ? or * to list all spells.
Aiming: Petrify (safe; 4% risk of failure)
Press: ? - help, Shift-Dir - straight line, f/p - yaktaur captain
Aim: a yaktaur captain, wielding an arbalest (chance to defeat MR: 29%)
The yaktaur captain easily resists.
An ogre mage comes into view. It is wielding a whip of electrocution.
The yaktaur captain shoots a bolt.
The bolt hits you!
* * * LOW HITPOINT WARNING * * *
Unknown command.
There is an open door here.
Things that are here:
a longbow; 15 arrows You see here an arrow.
You start resting.
The yaktaur captain is too close now for your liking.
A yaktaur captain is nearby!
A yaktaur captain is nearby!
Casting: Petrify (safe; 4% risk of failure)
Confirm with . or Enter, or press ? or * to list all spells.
Aiming: Petrify (safe; 4% risk of failure)
Press: ? - help, Shift-Dir - straight line, f/p - yaktaur captain
Aim: a yaktaur captain, wielding an arbalest (chance to defeat MR: 29%)
The yaktaur captain easily resists.
The yaktaur captain shoots a bolt.
The bolt hits you!!
* * * LOW HITPOINT WARNING * * *
Unknown command.
Unknown command.
You see here a hunting sling.
Casting: Petrify (safe; 4% risk of failure)
Confirm with . or Enter, or press ? or * to list all spells.
Aiming: Passwall (safe; 1% risk of failure)
Press: ? - help, Dir - move target cursor A rock wall.
You begin to meditate on the wall.
You continue meditating on the rock. x2
You finish merging with the rock.
Unknown command.
There is a stone staircase leading up here.
You start resting.
The yaktaur captain is too close now for your liking.
The yaktaur captain shoots a bolt.
The bolt hits you!!
You die...
Your body crumbles into a pile of gold.

#######...#..........[)..........
#...#.........#.##..#.#####
#...##########.............
###..........#...#..#.#####
#...................#.#
######.#######.#.#......#
#......# #.#.#....#######
##......#######.#.#..........#
#............@#.#.#.#'#......#
####......c#.........#.#∩#......#
...........#.......#.#.#'#......#
####.......###########..>########
.....................#####
..######...#########.# ..# ##.##
#.# '8# #.# #{# [######O#.# #.#


You could see a yaktaur captain.

Vanquished Creatures
  A centaur warrior (D:8)
  The ghost of barakagiga3 the Thaumaturge, a novice DEWz of Sif Muna (D:8)
  Pikel (D:6)
  2 deep elf magi (D:8)
  Prince Ribbit (D:7)
  Grinder (D:3)
  Sigmund (D:2)
  Eustachio (D:6)
  2 orc warriors
  A necrophage (D:8)
  A sky beast (D:5)
  4 slaves (D:6)
  5 ogres
  A centaur (D:7)
  3 bullfrogs (D:6)
  2 wyvern zombies
  A scorpion (D:4)
  10 killer bees
  4 crimson imps
  2 howler monkeys
  A bullfrog zombie (D:7)
  A jelly (D:6)
  A quasit (D:6)
  5 hounds
  Crazy Yiuf (D:2)
  2 orc priests
  A bullfrog skeleton (D:4)
  3 iguanas
  4 orc wizards
  A worker ant (D:2)
  Natasha (thrice) (D:3)
  2 hound zombies (D:6)
  A hound skeleton (D:7)
  A howler monkey zombie (D:3)
  Robin (D:2)
  A gnoll (D:1)
  7 adders
  A shadow imp (D:6)
  8 oozes
  3 adder skeletons
  4 worms
  4 dart slugs
  A leopard gecko (D:5)
  27 orcs
  A ball python (D:2)
  9 giant cockroaches
  14 goblins
  10 hobgoblins
  14 jackals
  11 kobolds
  5 quokkas
  7 bats
  7 frilled lizards
  A jackal skeleton (D:5)
  10 rats
  A bush (D:6)
219 creatures vanquished.

Vanquished Creatures (others)
  A goblin (D:7)
1 creature vanquished.

Grand Total: 220 creatures vanquished

Notes
Turn   | Place    | Note
-------+----------+-------------------------------------------
     0 | D:1      | Amnesiac the Demonspawn Earth Elementalist began the quest for the Orb.
     0 | D:1      | Reached XP level 1. HP: 13/13 MP: 3/3
     1 | D:1      | Found a runed door.
   280 | D:2      | Noticed Sigmund
   493 | D:1      | Gained mutation: You regenerate a little health from kills. [demonic ancestry]
   493 | D:1      | Reached XP level 2. HP: 11/19 MP: 5/5
   843 | D:2      | Reached XP level 3. HP: 22/24 MP: 6/6
   847 | D:2      | Learned a level 2 spell: Passwall
   861 | D:2      | Noticed Robin
  1170 | D:2      | Gained mutation: You have a pair of small antennae on your head. [demonic ancestry]
  1170 | D:2      | Reached XP level 4. HP: 16/30 MP: 0/8
  1307 | D:3      | Found a shattered altar of Ashenzari.
  1319 | D:3      | Noticed Natasha
  1329 | D:3      | Killed Natasha
  1374 | D:3      | Learned a level 4 spell: Petrify
  1410 | D:4      | Reached skill level 3 in Spellcasting
  1410 | D:4      | Reached skill level 1 in Transmutations
  1410 | D:4      | Reached XP level 5. HP: 35/35 MP: 5/9
  1514 | D:4      | Found a hazy altar of Hepliaklqana.
  1937 | D:4      | Reached skill level 1 in Short Blades
  2183 | D:4      | Noticed an ogre
  2187 | D:4      | Killed an ogre
  2187 | D:4      | Gained mutation: Your flesh is cold resistant. (rC+) [demonic ancestry]
  2187 | D:4      | Reached XP level 6. HP: 32/41 MP: 2/11
  2506 | D:3      | Noticed Natasha
  2509 | D:3      | Killed Natasha
  2627 | D:5      | Entered Level 5 of the Dungeon
  2770 | D:5      | Noticed a sky beast
  2784 | D:5      | Killed a sky beast
  2784 | D:5      | Reached skill level 5 in Earth Magic
  2811 | D:5      | Found a bloodstained altar of Trog.
  2908 | D:5      | Found a burning altar of Makhleb.
  3140 | D:5      | Got an encrusted cloak
  3148 | D:5      | Reached XP level 7. HP: 46/46 MP: 8/12
  3174 | D:5      | Learned a level 3 spell: Stone Arrow
  3397 | D:5      | Identified the +1 cloak of Democracy {rElec rF- Str+2 SInv} (You found it on level 5 of the Dungeon)
  3644 | D:6      | Reached skill level 4 in Spellcasting
  4091 | D:7      | Found a blossoming altar of Fedhas.
  4476 | D:7      | Found a sparkling altar of Nemelex Xobeh.
  4875 | D:6      | Found a hide-covered altar of Uskayaw.
  4939 | D:6      | Found an iron altar of Okawaru.
  4941 | D:6      | Found a radiant altar of Vehumet.
  4954 | D:6      | Reached XP level 8. HP: 27/52 MP: 0/14
  5288 | D:6      | Found a staircase to the Ecumenical Temple.
  5310 | Temple   | Entered the Ecumenical Temple
  5321 | Temple   | Became a worshipper of Gozag Ym Sagoz the Greedy
  5431 | D:6      | Learned a level 5 spell: Lee's Rapid Deconstruction
  5982 | D:2      | Killed Robin
  6237 | D:2      | Found a runed door.
  6329 | D:2      | Killed Sigmund
  6329 | D:2      | Reached skill level 5 in Spellcasting
  6426 | D:2      | Noticed Crazy Yiuf
  6447 | D:2      | Killed Crazy Yiuf
  6508 | D:3      | Noticed Natasha
  6516 | D:3      | Killed Natasha
  6727 | D:3      | Noticed Grinder
  6747 | D:3      | Killed Grinder
  7212 | D:6      | Noticed Eustachio
  7223 | D:6      | Killed Eustachio
  7265 | D:6      | Reached XP level 9. HP: 39/57 MP: 1/17
  7541 | D:6      | Reached skill level 6 in Spellcasting
  8007 | D:6      | Noticed Pikel
  8020 | D:6      | Killed Pikel
  8020 | D:6      | Reached skill level 7 in Spellcasting
  8224 | D:6      | Reached skill level 8 in Spellcasting
  8512 | D:7      | Noticed Prince Ribbit
  8516 | D:7      | Killed Prince Ribbit
  8535 | D:7      | Found Woideofa's Food Boutique.
  8668 | D:7      | Found a bloodstained altar of Trog.
  8825 | D:7      | Found a deep blue altar of Sif Muna.
  8825 | D:7      | Found a basalt altar of Yredelemnul.
  9191 | D:8      | Noticed a centaur warrior
  9196 | D:8      | Killed a centaur warrior
  9196 | D:8      | Reached skill level 9 in Spellcasting
  9196 | D:8      | Gained mutation: You have a pair of antennae on your head. [demonic ancestry]
  9196 | D:8      | Reached XP level 10. HP: 11/63 MP: 11/23
  9199 | D:8      | Noticed a deep elf mage
  9219 | D:8      | HP: 3/63 [demonic crawler[a deep elf mage] (10)]
  9219 | D:8      | HP: 1/63 [demonic crawler[a deep elf mage] (2)]
  9244 | D:8      | Found a runed door.
  9244 | D:8      | Noticed barakagiga3's ghost (novice DEWz)
  9347 | D:8      | Killed a deep elf mage
  9605 | D:8      | Killed barakagiga3's ghost
  9605 | D:8      | Reached skill level 10 in Spellcasting
  9700 | D:8      | Noticed a deep elf mage
  9707 | D:8      | Killed a deep elf mage
 10158 | D:8      | Found Caut's Armour Shoppe.
 10208 | D:8      | Found a large runed door.
 10209 | D:8      | Found a large runed door.
 10597 | D:8      | Noticed a yaktaur captain
 10602 | D:8      | Noticed an ogre mage
 10657 | D:8      | Shot with a bolt by a yaktaur captain

Vault maps used:
D:1:      dpeg_arrival_caged_fury, nrook_mini_vaults
D:2:      uniq_crazy_yiuf_cottage, uniq_sigmund, uniq_robin
D:3:      ashenzari_altar_1, first_ration, roderic_roman_lattice, uniq_natasha,
          uniq_grinder
D:4:      lemuel_doored_altar
D:5:      marbit_many_paths, nicolae_overflow_hidden_temple
D:6:      gammafunk_temple_overflow_forgotten, temple_green, uniq_eustachio,
          uniq_pikel
D:7:      chequers_temple_overflow_statue_of_worship,
          gammafunk_temple_overflow_pools, serial_shops,
          nicolae_shop_statue_plus, grunt_ogre_cave, trog_hazing_becter,
          uniq_prince_ribbit1
D:8:      hellmonk_ghost_happy_afterlife, serial_shops, kennysheep_mini,
          jmf_multi_god_temple2
Temple:   compressed_dpeg_triangle_lava_temple

Skill      XL: |  1  2  3  4  5  6  7  8  9 10 |
---------------+-------------------------------+-----
Stealth        | 2 3 4 |  4.1
Dodging        | 2 |  2.4
Earth Magic    | 3 4 5 6 8 |  8.0
Spellcasting   | 3 4 5 9 10 | 10.5
Transmutations | 1 2 3 4 |  4.1
Short Blades   | 1 2 3 4 |  4.0

Action                   |  1- 3 |  4- 6 |  7- 9 | 10-12 || total
-------------------------+-------+-------+-------+-------++-------
Melee: Whip              |    93 |       |       |       ||    93
       Unarmed           |    19 |       |       |       ||    19
       Dagger            |     6 |    96 |    16 |    21 ||   139
       Short sword       |       |       |   782 |    11 ||   793
 Cast: Sandblast         |    38 |    41 |    51 |    10 ||   140
       Petrify           |       |     3 |    22 |     4 ||    29
       Passwall          |       |     4 |    11 |     3 ||    18
       Stone Arrow       |       |       |    31 |    25 ||    56
       Lee's Rapid Decon |       |       |     7 |     7 ||    14
Evoke: Wand              |       |       |     3 |       ||     3
  Use: Scroll            |     2 |     6 |     8 |     4 ||    20
       Potion            |       |       |     3 |     7 ||    10
 Stab: Sleeping          |     5 |     1 |     9 |     4 ||    19
       Petrified         |       |    15 |    81 |       ||    96
       Distracted        |       |       |     2 |       ||     2
       Petrifying        |       |       |     3 |       ||     3
  Eat: Chunk             |     1 |     7 |     8 |       ||    16
       Ration            |       |       |     8 |       ||     8
Armor: Robe              |    32 |    35 |   124 |    20 ||   211
Dodge: Dodged            |    94 |    57 |   277 |    32 ||   460

Table legend:
 A = Spawn XP
 B = Non-spawn XP
 C = Spawn XP percentage of total XP
 D = Spawn monster count
 E = Non-spawn monster count
 F = Spawn count percentage of total count
 G = Total turns spent on level
                    A         B        C        D         E        F      G
               +---------+---------+-------+---------+---------+-------+---------
         Total |       0 |    8556 |   0.0 |       0 |     214 |   0.0 | 10657
               +---------+---------+-------+---------+---------+-------+---------
           D:1 |       0 |     108 |   0.0 |       0 |      39 |   0.0 |  1160
           D:2 |       0 |     419 |   0.0 |       0 |      39 |   0.0 |  1123
           D:3 |       0 |     508 |   0.0 |       0 |      23 |   0.0 |   880
           D:4 |       0 |     328 |   0.0 |       0 |      12 |   0.0 |  1186
           D:5 |       0 |     265 |   0.0 |       0 |      18 |   0.0 |   972
           D:6 |       0 |    2517 |   0.0 |       0 |      40 |   0.0 |  1953
           D:7 |       0 |     994 |   0.0 |       0 |      23 |   0.0 |  1763
           D:8 |       0 |    3372 |   0.0 |       0 |      18 |   0.0 |  1515
        Temple |       0 |      45 |   0.0 |       0 |       2 |   0.0 |   105
               +---------+---------+-------+---------+---------+-------+---------
